 Dungeon Crawl Stone Soup version 0.24.0-13-gcf9b319 (webtiles) character file.

Game seed: 5758425799611340553, levelgen mode: deterministic

102 Fang the Skirmisher (level 4, -3/29 HPs)
             Began as a Gargoyle Fighter on Dec 17, 2019.
             Slain by an orc priest
             ... wielding a +0 flail
              (5 damage)
             ... on level 3 of the Dungeon.
             The game lasted 00:02:46 (2074 turns).

Fang the Skirmisher (Gargoyle Fighter)              Turns: 2074, Time: 00:02:47

Health: -3/29      AC: 10    Str: 21    XL:     4   Next: 77%
Magic:  4/4        EV:  7    Int:  8    God:
Gold:   185        SH: 11    Dex: 12    Spells: 3/3 levels left

rFire    . . .     SeeInvis .   a - +0 war axe
rCold    . . .     Gourm    .   B - +2 shield
rNeg     + . .     Faith    .   b - +0 scale mail
rPois    ∞         Spirit   .   (no helmet)
rElec    +         Reflect  .   (no cloak)
rCorr    .         Harm     .   (no gloves)
MR       .....                  (no boots)
Stlth    ..........             (no amulet)
HPRegen  0.09/turn              m - +3 ring of dexterity
MPRegen  0.09/turn              (no ring)

@: no status effects
A: negative energy resistance 1, electricity resistance, unbreathing,
petrification resistance, rot immunity, AC +3
a: no special abilities


You were on level 3 of the Dungeon.
You were not hungry.

You visited 1 branch of the dungeon, and saw 3 of its levels.

You collected 185 gold pieces.

Inventory:

Hand Weapons
 a - a +0 war axe (weapon)
Armour
 b - a +0 scale mail (worn)
 B - a +2 shield (worn)
Jewellery
 m - a +3 ring of dexterity (left hand)
Wands
 l - a wand of disintegration (11)
Scrolls
 f - a scroll of amnesia {unknown}
 g - a scroll of enchant armour {unknown}
 h - 2 scrolls of remove curse
 i - 2 scrolls of teleportation
Potions
 d - a potion of might
 e - a potion of heal wounds
 j - a potion of magic {unknown}
 n - a potion of agility {unknown}
 o - a potion of lignification {unknown}
Comestibles
 c - 5 rations
 k - 25 chunks of flesh


   Skills:
 + Level 4.1 Fighting
 + Level 2.6 Axes
 + Level 4.0 Armour
 + Level 4.1 Shields


You had 3 spell levels left.
You didn't know any spells.
Your spell library contained the following spells:

 Spells                   Type           Power        Failure   Level  Hunger
 Magic Dart               Conj           #...         99%         1    ##.....
 Blink                    Tloc           N/A          100%        2    ###....
 Call Imp                 Summ           #.......     100%        2    ###....
 Slow                     Hex            #.......     100%        2    ###....
 Conjure Flame            Conj/Fire      #.......     100%        3    ####...
 Mephitic Cloud           Conj/Pois/Air  #.......     100%        3    ####...


Dungeon Overview and Level Annotations

Branches:
Dungeon (3/15)

Altars:
Cheibriados


Innate Abilities, Weirdness & Mutations

You are resistant to torment.
Your stone body is resilient. (AC +3)
You are immune to poison.
You resist negative energy. (rN+)
You are resistant to electric shocks. (rElec)
You can survive without breathing.
You are immune to petrification.
You are immune to rotting.


Message History

You block the orc priest's attack.
You hit the orc priest but do no damage.
The orc priest is lightly wounded.
You block the orc priest's attack. x2
Your shield and scale mail prevent you from hitting the orc priest.
The orc priest is lightly wounded.
You block the orc priest's attack.
You barely miss the orc priest.
The orc priest is lightly wounded.
The orc priest hits you but does no damage.
You slash the orc priest!
The orc priest is severely wounded.
You block the orc priest's attack.
You hit the orc priest.
The orc priest is almost dead.
The orc priest completely misses you.
You barely miss the orc priest.
The orc priest is almost dead.
The orc priest hits you with a +0 flail.
You die...

... #.##
##. #..#
.# .#
##.# # .#
#.## .#
#..## #.#
##..## ..
##..###
.#
##...##.#
###..@)#
####o.#
..$..
.....#
.#...#
.##### .#
##


You could see an orc priest.

Vanquished Creatures
  Robin (D:3)
  An adder (D:2)
  An ooze (D:1)
  A worm (D:2)
  A leopard gecko (D:1)
  3 orcs (D:3)
  4 bats
  A giant cockroach (D:3)
  18 goblins
  13 hobgoblins
  3 jackals (D:2)
  3 kobolds
  2 quokkas
  3 frilled lizards
  6 rats
  7 plants (D:1)
68 creatures vanquished.

Notes
Turn   | Place    | Note
-------+----------+-------------------------------------------
     0 | D:1      | Fang the Gargoyle Fighter began the quest for the Orb.
     0 | D:1      | Reached XP level 1. HP: 14/14 MP: 1/1
   161 | D:1      | Reached XP level 2. HP: 19/19 MP: 2/2
   930 | D:2      | Reached XP level 3. HP: 21/24 MP: 3/3
  1126 | D:2      | Found a snail-covered altar of Cheibriados.
  1660 | D:2      | Reached XP level 4. HP: 28/29 MP: 4/4
  1892 | D:3      | Noticed Robin
  1910 | D:3      | Killed Robin
  2067 | D:3      | HP: 1/29 [orc priest/+0 flail (1)]
  2074 | D:3      | Slain by an orc priest

Levels and vault maps discovered:
D:1:      scummos_arrival_checkerplants, layout_basic, serial_bayou,
          serial_bayou_pond_a, serial_bayou_lake_a, serial_bayou_shore_b,
          serial_bayou_lagoon_a, amethyst_killhole,
          hangedman_abyss_or_decor_lesser_grid
D:2:      layout_basic, lemuel_coloured_pillars_altar
D:3:      layout_rooms, grunt_ministairs_3, uniq_robin

Skill      XL: |  1  2  3  4 |
---------------+-------------+-----
Axes           | 2 |  2.6
Fighting       | 4 |  4.1
Shields        | 4 |  4.1
Armour         | 4 |  4.0

Action                   |  1- 3 |  4- 6 || total
-------------------------+-------+-------++-------
Melee: War axe           |   277 |    57 ||   334
  Use: Scroll            |     3 |       ||     3
  Eat: Chunk             |     3 |     2 ||     5
Armor: Scale mail        |    53 |    47 ||   100
Dodge: Dodged            |    40 |    14 ||    54
Block: Shield            |    58 |    50 ||   108
